 Dungeon Crawl Stone Soup version 0.27.1-4-g1640c2035a (webtiles) character file.

Game seed: 2873923901981751615

1712 Descartes the Destroyer (level 8, -3/41 HPs)
             Began as a Deep Elf Fire Elementalist on Nov 15, 2021.
             Was an Initiate of Gozag.
             Slain by Maggie (4 damage)
             ... on level 6 of the Dungeon.
             The game lasted 00:14:08 (7749 turns).

Descartes the Destroyer (DEFE)                      Turns: 7749, Time: 00:14:11

Health: -3/41      AC:  6    Str:  5    XL:     8   Next: 74%
Magic:  4/17       EV: 13    Int: 23    God:    Gozag
Gold:   270        SH:  0    Dex: 15    Spells: 7/17 levels left

rFire    + . .     SeeInvis +   k - +2 long sword (elec)
rCold    x . .     Faith    .   (no shield)
rNeg     . . .     Spirit   .   e - +0 leather armour
rPois    .         Reflect  .   C - +2 helmet
rElec    .         Harm     .   (no cloak)
rCorr    .         Rampage  .   (no gloves)
Will     .....                  (no boots)
Stlth    ++........             (no amulet)
HPRegen  0.13/turn              m - ring of fire
MPRegen  0.15/turn              h - ring of see invisible

@: mesmerised
A: no striking features
a: Renounce Religion, Potion Petition, Call Merchant, Bribe Branch


You were on level 6 of the Dungeon.
You worshipped Gozag.
Gozag was aware of your devotion.
You visited 2 branches of the dungeon, and saw 7 of its levels.

You collected 350 gold pieces.
You paid 80 gold pieces to Gozag.

Inventory:

Hand Weapons
 k - a +2 long sword of electrocution (weapon)
Missiles
 j - 124 stones
 l - 88 arrows
 x - 3 poisoned darts
 A - a throwing net (quivered)
Armour
 e - a +0 leather armour (worn)
 C - a +2 helmet (worn)
Jewellery
 h - a ring of see invisible (right hand)
 m - a ring of fire (left hand)
 s - a ring of ice
 w - a ring of poison resistance
 y - a ring of magical power
 E - a ring of fire
Wands
 a - a wand of iceblast (16)
 F - a wand of charming (7)
Scrolls
 b - a scroll of amnesia {unknown}
 d - a scroll of fog {unknown}
 f - a scroll of noise {unknown}
 i - 2 scrolls of teleportation {unknown}
 o - a scroll of blinking {unknown}
 p - 2 scrolls of silence {unknown}
 q - a scroll of vulnerability {unknown}
 r - 3 scrolls of identify {unknown}
 u - a scroll of holy word {unknown}
 v - a scroll of fear {unknown}
 B - a scroll of magic mapping {unknown}
 D - a scroll of enchant armour {unknown}
Potions
 c - a potion of berserk rage {unknown}
 g - 4 potions of haste {unknown}
 n - a potion of brilliance {unknown}
 t - 6 potions of curing {unknown}
 z - a potion of heal wounds {unknown}


   Skills:
 - Level 5.0 Dodging
 - Level 2.4 Stealth
 - Level 5.0 Spellcasting
 + Level 8.2 Conjurations
 + Level 8.2 Fire Magic


You had 7 spell levels left.
You knew the following spells:

 Your Spells              Type           Power      Damage    Failure   Level
a - Foxfire               Conj/Fire      100%       2x1d9     1%          1
b - Sticky Flame          Conj/Fire      60%        2d8       5%          4
c - Fireball              Conj/Fire      30%        3d13      16%         5

Your spell library contained the following spells:

 Spells                   Type           Power      Damage    Failure   Level
 Conjure Flame            Conj/Fire      60%        6-21      1%          3
 Inner Flame              Hex/Fire       37%        N/A       9%          3


Dungeon Overview and Level Annotations

Branches:
Dungeon (6/15)             Temple (1/1) D:5

Altars:
Ashenzari
Cheibriados
Dithmenos
Elyvilon
Fedhas
Gozag
Kikubaaqudgha
Makhleb
Nemelex Xobeh
Okawaru
Qazlal
Ru
Sif Muna
Trog
Uskayaw
Vehumet
Wu Jian
Xom
Zin
The Shining One

Annotations:
D:6 Maggie


Message History

You are mesmerised by Maggie!
Casting: Foxfire (safe; 1% risk of failure)
Confirm with . or Enter, or press ? or * to list all spells.
You feel a surge of power!
You conjure some foxfire!
The foxfire hits Maggie but does no damage.
Maggie is heavily wounded.
The foxfire hits Maggie.
Maggie resists.
Maggie is heavily wounded.
Maggie gestures at you while chanting. The bolt of fire hits your foxfire.
Your foxfire completely resists.
The bolt of fire hits you! You resist.
Casting: Foxfire (safe; 1% risk of failure)
Confirm with . or Enter, or press ? or * to list all spells.
You feel a surge of power!
You conjure some foxfire!
The foxfire hits Maggie.
Maggie resists.
Maggie is heavily wounded.
The foxfire hits Maggie.
Maggie resists.
Maggie is severely wounded.
Maggie hits you from afar with the +9 lance "Wyrmbane" {slay drac, rPois rF+ rC+ AC+3}!
Casting: Foxfire (safe; 1% risk of failure)
Confirm with . or Enter, or press ? or * to list all spells.
You feel a surge of power!
You conjure some foxfire!
The foxfire hits Maggie.
Maggie resists.
Maggie is severely wounded.
The foxfire hits Maggie but does no damage.
Maggie is severely wounded.
Maggie points at you and mumbles some strange words.
The bolt of fire hits you! You resist.
* * * LOW HITPOINT WARNING * * *
The bolt of fire hits your foxfire.
Your foxfire completely resists.
Casting: Foxfire (safe; 1% risk of failure)
Confirm with . or Enter, or press ? or * to list all spells.
You feel a surge of power!
You conjure some foxfire!
The foxfire hits Maggie.
Maggie resists.
Maggie is severely wounded.
Maggie hits you from afar with the +9 lance "Wyrmbane" {slay drac, rPois rF+ rC+ AC+3}.
You die...
Your body crumbles into a pile of gold.

........# #.#.≈≈.# #
.[......# #..##≈≈.# ≈≈
........# #.#.######≈≈#
........# #.##.###≈≈≈#
........# ###.#.##≈≈≈#
........########...≈....#
#####.#.........§..≈≈...#
# .# .......v§.≈....#
##### .....@.@v.######
......+......$..v.......
#####.#............###..
...................#
.....<#...........##
..................+
......#...........#
......#...........#
................


You could see Maggie (mesmerising, ally target).

Vanquished Creatures
  A shadow (D:5)
  Eustachio (D:5)
  2 sky beasts
  2 ice beasts (D:5)
  An ogre (D:4)
  3 necrophages
  2 phantoms (D:4)
  A gnoll sergeant (D:4)
  A scorpion (D:4)
  A bullfrog zombie (D:5)
  3 orc priests
  A bullfrog skeleton (D:5)
  An iguana (D:5)
  An orc wizard (D:3)
  Robin (D:4)
  5 gnolls (D:4)
  6 adders
  A shadow imp (D:5)
  A white imp (D:6)
  An ufetubus (D:6)
  An adder skeleton (D:4)
  3 worms
  A dart slug (D:5)
  11 orcs
  2 ball pythons
  6 endoplasms
  3 giant cockroaches
  13 goblins
  6 hobgoblins
  6 jackals (D:1)
  5 kobolds
  6 quokkas
  5 bats
  3 frilled lizards
  A quokka skeleton (D:4)
  5 rats
113 creatures vanquished.

Vanquished Creatures (others)
  654 foxfires
654 creatures vanquished.

Grand Total: 767 creatures vanquished

Notes
Turn   | Place    | Note
-------+----------+-------------------------------------------
     0 | D:1      | Descartes the Deep Elf Fire Elementalist began the quest
                  | for the Orb.
     0 | D:1      | Reached XP level 1. HP: 10/10 MP: 6/6
   678 | D:1      | Reached XP level 2. HP: 15/15 MP: 1/8
  1581 | D:1      | Reached XP level 3. HP: 19/19 MP: 3/9
  1915 | D:2      | Found a faded altar of an unknown god.
  2189 | D:2      | Reached XP level 4. HP: 24/24 MP: 2/10
  3218 | D:3      | Reached XP level 5. HP: 19/28 MP: 0/11
  4148 | D:4      | Found a glowing silver altar of Zin.
  4149 | D:4      | Found an ornate altar of the Wu Jian Council.
  4184 | D:4      | Reached skill level 5 in Fire Magic
  4550 | D:4      | Noticed an ogre
  4561 | D:4      | Noticed a phantom
  4564 | D:4      | Killed an ogre
  4565 | D:4      | Reached skill level 5 in Dodging
  4565 | D:4      | Reached XP level 6. HP: 32/32 MP: 2/12
  4904 | D:4      | Reached skill level 5 in Conjurations
  5150 | D:4      | Reached skill level 5 in Spellcasting
  5150 | D:4      | Reached XP level 7. HP: 12/36 MP: 8/16
  5155 | D:4      | Learned a level 4 spell: Sticky Flame
  5161 | D:4      | Learned a level 5 spell: Fireball
  5428 | D:4      | Noticed Robin
  5430 | D:4      | Killed Robin
  6244 | D:5      | Entered Level 5 of the Dungeon
  6461 | D:5      | Noticed Eustachio
  6468 | D:5      | Killed Eustachio
  6469 | D:5      | Reached XP level 8. HP: 41/41 MP: 10/17
  6684 | D:5      | Found a staircase to the Ecumenical Temple.
  6691 | Temple   | Entered the Ecumenical Temple
  6734 | Temple   | Became a worshipper of Gozag Ym Sagoz the Greedy
  7734 | D:6      | Noticed Maggie
  7748 | D:6      | HP: 1/41 [Maggie/bolt of fire (13)]
  7749 | D:6      | Slain by Maggie

Illustrated notes

Levels and vault maps discovered:
D:1:      onia_arrival_pentagram, layout_loops_corners, minmay_heptomino_l4
D:2:      layout_basic, serial_rivers, chequers_serial_rivers_large_b,
          chequers_serial_rivers_small_b, chequers_serial_rivers_small_a,
          chequers_serial_rivers_micro_a, chequers_serial_rivers_micro_a,
          hellmonk_ecumenical_altar_slurped_away
D:3:      layout_basic, kennysheep_potato
D:4:      layout_layer_cave, mainiacjoe_overflow_divided_tiny, uniq_robin
D:5:      layout_rooms, minmay_temple_entry_wispy, uniq_eustachio
D:6:      layout_basic, serial_shops, kennysheep_mini,
          chequers_serial_rivers_small_b, uniq_blork_the_orc, uniq_sigmund,
          uniq_menkaure, uniq_maggie
Temple:   dpeg_five_rooms_temple

Skill      XL: |  1  2  3  4  5  6  7  8 |
---------------+-------------------------+-----
Dodging        | 3 4 5 |  5.0
Conjurations   | 2 3 4 5 6 8 |  8.2
Fire Magic     | 4 5 6 8 |  8.2
Spellcasting   | 5 |  5.0
Stealth        | |  2.4

Action                   |  1- 3 |  4- 6 |  7- 9 || total
-------------------------+-------+-------+-------++-------
Melee: Unarmed           |     1 |       |       ||     1
       Long sword        |     1 |     1 |       ||     2
 Cast: Foxfire           |    83 |   143 |   169 ||   395
 Stab: Sleeping          |     1 |       |       ||     1
Armor: Leather armour    |     6 |       |     1 ||     7
Dodge: Dodged            |    11 |     4 |     2 ||    17
       Rpst.: Long sword |       |     2 |       ||     2
